 Dungeon Crawl Stone Soup version 0.16.2-12-gd0ad4c3 (webtiles) character file.

149 Arkorax the Charmwright (level 5, -4/38 HPs)
             Began as a Mummy Skald on Feb 6, 2016.
             Slain by HusaRsky's ghost (7 damage)
             ... on level 4 of the Dungeon.
             The game lasted 00:04:25 (3224 turns).

Arkorax the Charmwright (Mummy Skald)               Turns: 3224, Time: 00:04:26

Health: -4/38      AC:  6    Str: 15    XL:     5   Next: 9%
Magic:  5/9        EV: 11    Int: 11    God:
Gold:   85         SH:  0    Dex: 12    Spells: 3 memorised, 2 levels left

rFire  x . .     SeeInvis .     i - +0 trident
rCold  + . .     Clarity  .     b - +0 leather armour
rNeg   + + +     SustAb   .     (no shield)
rPois  ∞         Gourm    .     p - +2 helmet
rElec  .         Spirit   .     (no cloak)
rCorr  .         Warding  .     (no gloves)
rMut   .         Stasis   .     (no boots)
MR     .....                    (no amulet)
Stlth  +.........               (no ring)
                                (no ring)

@: infused (expiring), not resistant to hostile enchantments, very unstealthy
A: no food or potions, fire vulnerability, restore body, cold resistance 1,
negative energy resistance 3, poison resistance, torment resistance, unbreathing
a: no special abilities


You were on level 4 of the Dungeon.
You were not hungry.

You visited 1 branch of the dungeon, and saw 4 of its levels.

You collected 85 gold pieces.

Inventory:

Hand weapons
 a - a +0 spear
 i - a +0 trident (weapon)
Missiles
 g - 7 javelins (quivered)
Armour
 b - a +0 leather armour (worn)
 e - a +0 ring mail
 p - a +2 helmet (worn)
Magical devices
 l - a wand of disintegration (16)
Scrolls
 d - 9 scrolls of identify {unknown}
 f - a scroll of teleportation {unknown}
 h - 2 scrolls of recharging {unknown}
 j - a scroll of fear {unknown}
 k - a scroll of magic mapping {unknown}
 m - a scroll of noise {unknown}
 n - a scroll of fog {unknown}
 o - a scroll of enchant weapon {unknown}
Books
 c - a book of Battle

   Spells                             Type                      Level
   a - Infusion                       Charms                       1
   b - Shroud of Golubria             Charms/Translocation         2
   c - Song of Slaying                Charms                       2
   d - Spectral Weapon                Hexes/Charms                 3
   e - Regeneration                   Charms/Necromancy            3


   Skills:
 * Level 2.2 Fighting
 * Level 2.7 Polearms
 - Level 0.7 Armour
 - Level 0.7 Dodging
 - Level 2.0 Spellcasting
 + Level 1.6 Hexes
 + Level 3.6 Charms


You had 2 spell levels left.
You knew the following spells:

 Your Spells              Type           Power        Failure   Level  Hunger
a - Infusion              Chrm           #.....       10%         1    N/A
b - Spectral Weapon       Hex/Chrm       #.......     38%         3    N/A
c - Song of Slaying       Chrm           #.......     14%         2    N/A

Dungeon Overview and Level Annotations

Branches:
Dungeon (4/15)
 Temple: D:4-7

Altars:
Kikubaaqudgha
Nemelex Xobeh
Qazlal
Trog

Annotations:
D:2 Sigmund
D:4 HusaRsky's ghost, average DrFi


Innate Abilities, Weirdness & Mutations

You do not eat or drink.
Your flesh is vulnerable to fire.
Your flesh is cold resistant.
You are immune to negative energy.
Your system is resistant to poisons.
You are immune to unholy pain and torment.
You can survive without breathing.


Message History

You hit HusaRsky's ghost but do no damage.
HusaRsky's ghost is moderately damaged.
Your magical infusion is running out.
Your spectral weapon closely misses HusaRsky's ghost.
HusaRsky's ghost hits you!
* * * LOW HITPOINT WARNING * * *
You are too injured to fight recklessly!
You are too injured to fight recklessly!
You are too injured to fight recklessly!
You are too injured to fight recklessly!
You are too injured to fight recklessly!
You hit HusaRsky's ghost.
HusaRsky's ghost is moderately damaged.
Your spectral weapon hits HusaRsky's ghost but does no damage.
HusaRsky's ghost barely misses your spectral weapon.
HusaRsky's ghost hits your spectral weapon.
Your spectral weapon shares its damage with you!
* * * LOW HITPOINT WARNING * * *
HusaRsky's ghost hits you!
You die...

####.# #.... #.# ....
#.# #####.####
###.#####........#
#.........#......#
#.#.####..#......#
#.#..# #..#......#
#.##.# #..#......#
#.##.###..#..)W@.#
#.............(..#
...#.#####.......####
....................+
(.#.###.........####
. ##.......##
##.....## ##...##
##.##


You could see HusaRsky's ghost and a friendly spectral trident.

Vanquished Creatures
  The ghost of namelastname112 the Grasshopper, a weakling FeWr (D:3)
  6 adders
  A worm (D:3)
  An ooze (D:3)
  An orc (D:3)
  9 bats
  8 hobgoblins
  A ball python (D:2)
  7 giant cockroaches
  4 giant newts
  5 goblins
  9 kobolds
  A quokka (D:3)
  9 rats
63 creatures vanquished.

Notes
Turn   | Place    | Note
--------------------------------------------------------------
     0 | D:1      | Arkorax, the Mummy Skald, began the quest for the Orb.
     0 | D:1      | Reached XP level 1. HP: 16/16 MP: 3/3
   529 | D:1      | Reached XP level 2. HP: 22/22 MP: 4/4
   851 | D:1      | Reached skill level 3 in Charms
  1050 | D:2      | Reached XP level 3. HP: 22/27 MP: 1/6
  1219 | D:2      | Learned a level 3 spell: Spectral Weapon
  1444 | D:2      | Noticed Sigmund
  1960 | D:3      | Found a bloodstained altar of Trog.
  1986 | D:3      | Reached skill level 1 in Hexes
  2160 | D:3      | Noticed namelastname112's ghost (weakling FeWr)
  2174 | D:3      | Killed namelastname112's ghost
  2174 | D:3      | Reached XP level 4. HP: 28/33 MP: 0/7
  2354 | D:3      | Found an ancient bone altar of Kikubaaqudgha.
  2448 | D:3      | Found a stormy altar of Qazlal.
  2691 | D:3      | Found a sparkling altar of Nemelex Xobeh.
  2747 | D:3      | Reached XP level 5. HP: 32/38 MP: 9/9
  2873 | D:3      | Learned a level 2 spell: Song of Slaying
  3129 | D:4      | Noticed HusaRsky's ghost (average DrFi)
  3224 | D:4      | Slain by HusaRsky's ghost

Action                   |  1- 3 |  4- 6 || total
-------------------------+-------+-------++-------
Melee: Spear             |   175 |       ||   175
       Trident           |    26 |    88 ||   114
 Cast: Infusion          |     5 |     1 ||     6
       Spectral Weapon   |     1 |     1 ||     2
 Stab: Distracted        |     1 |       ||     1
       Sleeping          |     1 |       ||     1
